 Dungeon Crawl Stone Soup version 0.28.0-47-ge53b351184 (webtiles) character file.

Game seed: 11537786757486936807

52 101zpm the Magician (level 4, -7/31 HPs)
             Began as a Djinni Fire Elementalist on Apr 30, 2022.
             Mangled by a worm (8 damage)
             ... on level 3 of the Dungeon.
             The game lasted 00:03:54 (1870 turns).

101zpm the Magician (Djinni Fire Elementalist)      Turns: 1870, Time: 00:03:54

Health: -7/31      AC:  2    Str:  7    XL:     4   Next: 8%
Gold:   36         EV: 12    Int: 18    God:
                   SH:  0    Dex: 14

rFire   + + .      SeeInvis .   (no weapon)
rCold   x . .      Faith    .   (no shield)
rNeg    . . .      Spirit   .   a - +0 robe
rPois   ∞          Reflect  .   (helmet currently unavailable)
rElec   .          Harm     .   (no cloak)
rCorr   .          Rampage  .   (no gloves)
Will    .....                   (boots unavailable)
Stlth   ++........              (no amulet)
HPRegen 0.10/turn               (no ring)
MPRegen 0.00/turn               (no ring)

@: appendages, flying
A: horns 2, flying, sickness immunity, fire resistance 2, cold vulnerability 1,
float, innate caster, HP casting, extra vitality 1
a: End Transformation


You were on level 3 of the Dungeon.
You had temporarily grown beastly horns.
You visited 1 branch of the dungeon, and saw 4 of its levels.

You collected 36 gold pieces.

Inventory:

Armour
 a - a +0 robe (worn)
Wands
 b - a wand of acid (7)


   Skills:
 + Level 2.5 Dodging
 + Level 1.9 Stealth
 + Level 3.4 Spellcasting


You couldn't memorise any spells.
You knew the following spells:

 Your Spells              Type           Power      Damage    Failure   Level
a - Foxfire               Conj/Fire      60%        2x1d7     3%          1
b - Scorch                Fire           30%        2d7       6%          2
c - Conjure Flame         Conj/Fire      15%        6-21      12%         3
d - Inner Flame           Hex/Fire       15%        N/A       12%         3
e - Flame Wave            Conj/Fire      15%        2d6       36%         4
f - Beastly Appendage     Tmut           30%        N/A       3%          1
Your spell library was empty.

Dungeon Overview and Level Annotations

Branches:
Dungeon (4/15)
 Temple: D:4-7

Altars:


Innate Abilities, Weirdness & Mutations

You have temporarily grown beastly horns.
You are flying.
You are immune to sickness and miasma.
You are immune to poison.
Your flesh is very heat resistant. (rF++)
You are vulnerable to cold. (rC-)
You float through the air rather than walking.
You learn spells naturally, not from books.
Your magical power is your life essence.
You have superior vitality. (+4 MHP)


Message History

The hound is lightly wounded.
The hound closely misses you. The hound barely misses you.
An orc comes into view. It is wielding a +0 dagger.
The orc shouts!
You hit the hound but do no damage. You headbutt the hound.
The hound is moderately wounded.
The hound misses you.
An orc priest comes into view. It is wielding a +0 mace.
You hit the hound but do no damage.
The hound is moderately wounded.
The hound barely misses you. x2
You miss the hound.
The hound is moderately wounded.
An orc comes into view. It is wielding a +0 club.
The hound closely misses you.
You closely miss the hound.
The hound is moderately wounded.
The hound bites you.
* * * LOW HITPOINT WARNING * * *
The hound barely misses you.
You hit the hound but do no damage.
The hound is moderately wounded.
The hound barely misses you.
You hit the hound but do no damage.
The hound is moderately wounded.
The hound misses you. The hound barely misses you.
The orc priest looks braver for a moment.
You hit the hound but do no damage. You headbutt the hound.
The hound is heavily wounded.
The hound bites you.
* * * LOW HITPOINT WARNING * * *
You hit the hound but do no damage.
The hound is heavily wounded.
The hound bites you.
* * * LOW HITPOINT WARNING * * *
The worm closely misses you. The hound barely misses you.
You hit the hound but do no damage. Your headbutt misses the hound.
The hound is heavily wounded.
The hound closely misses you. The worm bites you!
You die...

(#######################
...oooh@w)goo........?..
.##.oS#########.........
....o ...........)....
.... #######.........
... #....$###. ..
#......# . #....#.#
######.# .


You could see a worm, a hound, an orc priest, 6 orcs, a goblin and a ball
python.

Vanquished Creatures
  Robin (D:2)
  An adder (D:2)
  A dart slug (D:1)
  An orc (D:3)
  A bat (D:1)
  An endoplasm (D:1)
  A giant cockroach (D:1)
  5 goblins
  5 hobgoblins
  2 jackals (D:1)
  2 kobolds
  3 frilled lizards (D:1)
  2 rats (D:1)
26 creatures vanquished.

Vanquished Creatures (others)
  140 foxfires
140 creatures vanquished.

Grand Total: 166 creatures vanquished

Notes
Turn   | Place    | Note
-------+----------+-------------------------------------------
     0 | D:1      | 101zpm the Djinni Fire Elementalist began the quest for the
                  | Orb.
     0 | D:1      | Reached XP level 1. HP: 15/15 MP: 0/0
   420 | D:1      | Reached XP level 2. HP: 12/21 MP: 0/0
  1337 | D:2      | Reached skill level 3 in Spellcasting
  1337 | D:2      | Reached XP level 3. HP: 11/25 MP: 0/0
  1337 | D:2      | Learned a level 1 spell: Beastly Appendage
  1536 | D:2      | Noticed Robin
  1538 | D:2      | Killed Robin
  1540 | D:2      | Reached XP level 4. HP: 9/31 MP: 0/0
  1826 | D:2      | You are sucked into a shaft and drop 2 floors!
  1826 | D:4      | Noticed an ogre
  1869 | D:3      | HP: 1/31 [hound (3)]
  1870 | D:3      | Mangled by a worm

Illustrated notes

Levels and vault maps discovered:
D:1:      dpeg_arrival_more_subterranean_lakeside_camping, layout_basic,
          shapermc_ecumenical_altar_totnotflames
D:2:      layout_loops_ring, serial_shops, nicolae_shop_trees, basic_altar,
          minmay_goblin_outpost, uniq_robin
D:3:      layout_basic, old_standard_altar, gammafunk_ghost_split
D:4:      layout_cave_pools, minmay_temple_entry_waves, kennysheep_another_room

Skill      XL: |  1  2 |
---------------+-------+-----
Spellcasting   | 3 |  3.4
Dodging        | |  2.5
Stealth        | |  1.9

Action                   |  1- 3 |  4- 6 || total
-------------------------+-------+-------++-------
Melee: Unarmed           |       |    11 ||    11
       Headbutt          |       |     2 ||     2
 Cast: Foxfire           |    86 |     9 ||    95
       Inner Flame       |     2 |       ||     2
       Scorch            |       |     2 ||     2
       Conjure Flame     |       |     1 ||     1
       Beastly Appendage |       |     1 ||     1
Armor: Robe              |     4 |     1 ||     5
Dodge: Dodged            |    12 |    15 ||    27
